[Event "*** Titled Tuesday Blitz"]
[Site "Chess.com"]
[Date "2021.03.09"]
[Round "3"]
[White "Isajevsky_Anton"]
[Black "Dedic8"]
[Result "0-1"]
[WhiteElo "2461"]
[BlackElo "2811"]
[TimeControl "180+1"]
[EndTime "10:28:33 PST"]
[Termination "Dedic8 won on time"]

1. c4 e5 2. g3 Nf6 3. Bg2 c6 4. d4 exd4 5. Qxd4 d5 6. Nf3 Be7 7. cxd5 Qxd5 8. Nc3 Qa5 9. O-O O-O 10. Qa4 Qxa4 11.
Nxa4 Bf5 12. b3 Nbd7 13. Bb2 Nb6 14. Nd4 Bg6 15. Nc3 a5 16. e4 a4 17. f3 Bb4 18. Nce2 Rfd8 19. Rfd1 Nfd7 20. Nc2 Be7 21. Bd4 f6 22. Kf2 c5 23. Bc3 Ne5 24. Bxe5 fxe5 25. Nc3 c4 26. b4 Rd3 27. Rxd3 cxd3 0-1

[Event "*** Titled Tuesday Blitz"]
[Site "Chess.com"]
[Date "2021.03.09"]
[Round "3"]
[White "Kislov_Oleg"]
[Black "Joseacorrea"]
[Result "1-0"]
[WhiteElo "2489"]
[BlackElo "2090"]
[TimeControl "180+1"]
[EndTime "10:28:34 PST"]
[Termination "Kislov_Oleg won on time"]

1. e4 c5 2. Nf3 Nc6 3. c3 d5 4.
exd5 Qxd5 5. d4 Nf6 6. Be2 e6 7.
O-O b6 8. c4 Qd7 9. d5 exd5 10.
cxd5 Qxd5 11. Bb5 Qxd1 12. Rxd1 Bd7 13. Rxd7 Nxd7 14. Bxc6 O-O-O 15. Nc3 Kc7 16. Be4 Nf6 17. Bf4+ Bd6 18. Nb5+ Kc8 19. Nxd6+ Rxd6 20. Bxd6 Nxe4 21.
Bf4 Rd8 22. Kf1 f6 23. Ke2 g5 24. Be3 Re8 25. Nd2 Nd6 26. g4 h5 27. h3 hxg4 28. hxg4 f5 29. gxf5 Nxf5 30. Rg1 Nxe3 31. fxe3 Rg8 32.
Rg4 Kd7 33. Nf3 Rh8 34. Rxg5 Kc6 35. e4 Rh1 36. Rg1 Rh4 37. Ke3 1-0

[Event "*** Titled Tuesday Blitz"]
[Site "Chess.com"]
[Date "2021.03.09"]
[Round "3"]
[White "13MiRacLe"]
[Black "elegant285"]
[Result "1-0"]
[WhiteElo "2686"]
[BlackElo "2286"]
[TimeControl "180+1"]
[EndTime "10:28:34 PST"]
[Termination "13MiRacLe won by resignation"]

1. e4 c5 2. Nf3 d6 3. d4 cxd4 4. Nxd4 Nf6 5. Nc3 a6 6. Bg5 e6 7. f4 h6 8. Bh4 Qb6 9. a3 Be7 10. Bf2 Qc7 11. Qf3 Nc6 12. O-O-O Bd7 13. g4 Nxd4 14.
Bxd4 e5 15. fxe5 dxe5 16. Qg3 Bd6 17. Be3 Bxg4 18. Rd3 g6 19. Bg2 Rc8 20. Rf1 Be2 21. Rxf6 Bxd3 22. cxd3 Bxa3 23. Bd2 Be7 24. Rf1 b5 25.
Qf2 Bc5 26. Qf6 Rf8 27. Nd5 Qd7 28. Qxe5+ Kd8 29. Kb1 Bd6 30. Ba5+ 1-0

[Event "*** Titled Tuesday Blitz"]
[Site "Chess.com"]
[Date "2021.03.09"]
[Round "3"]
[White "ehrenfeld"]
[Black "RobertoJBM"]
[Result "1/2-1/2"]
[WhiteElo "2513"]
[BlackElo "2719"]
[TimeControl "180+1"]
[EndTime "10:28:35 PST"]
[Termination "Game drawn by repetition"]

1. e4 c6 2. d4 d5 3. exd5 cxd5 4. Bd3 Nc6 5. c3 g6 6. Nf3 Bf5 7. O-O Bxd3 8. Qxd3 Nf6 9. Re1 Bg7 10. Bf4 O-O 11.
Nbd2 Nh5 12. Bg5 Bf6 13. Bxf6 Nxf6 14. Qe3 Kg7 15. Qf4 e6 16. h4 Qb8 17. Ne5 Nxe5 18.
dxe5 Nd7 19. h5 f6 20. exf6+ Rxf6 21. Qxb8 Rxb8 22. hxg6 hxg6 23. Re2 b5 24. Rae1 Rb6 25. Nf3 Nc5 26. Ne5 Rd6 27. f3 Rf5 28. Rd1 Kf6 29.
Ng4+ Ke7 30. Ne5 g5 31. Ng4 Nd7 32. Rd4 a6 33. a4 bxa4 34. Rxa4 e5 35. Ra5 Ke6 36.
c4 dxc4 37. Ne3 Rf4 38. Ng4 Rf5 39. Ne3 Rf4 40. Ng4 Rf5 1/2-1/2

[Event "*** Titled Tuesday Blitz"]
[Site "Chess.com"]
[Date "2021.03.09"]
[Round "3"]
[White "anasta10"]
[Black "Rud_Makarian"]
[Result "0-1"]
[WhiteElo "2464"]
[BlackElo "2815"]
[TimeControl "180+1"]
[EndTime "10:28:35 PST"]
[Termination "Rud_Makarian won by checkmate"]

1. d4 g6 2. e4 Bg7 3. Nc3 c5 4.
d5 d6 5. Be3 Nf6 6. Qd2 Ng4 7. Bf4 h5 8. f3 Ne5 9. O-O-O a6 10.
Kb1 b5 11. Bg3 Nbd7 12. f4 Nc4 13. Bxc4 bxc4 14. Nf3 Rb8 15. e5 Qa5 16. Rhe1 O-O 17. f5 Nxe5 18. Nxe5 Bxf5 19. Ka1 dxe5 20. Bxe5 Bxe5 21.
Rxe5 Rb7 22. Rf1 Rfb8 23. Rexf5 gxf5 24. Qg5+ Kf8 25. Qh6+ Ke8 26. Qc6+ Kd8 27. d6 e6 28.
d7 Rxd7 29. Rb1 Qc7 30. Qf3 Qxh2 31. Qf2 Qe5 32. Qf3 Rdb7 33. a3 h4 34. Ka2 Ke7 35.
Qh3 Qd4 36. Qf3 Rd7 37. Qh3 Qf6 38. Qh2 Rbd8 39. Qh3 Rd2 40. Qh2 Rxc2 41. Qc7+ Ke8 42. Qxc5 Qxc3 43. Qc6+ Kf8 44. Qc5+ Kg8 45. Qc7 Qb3+ 46.
Ka1 Rdd2 47. Qf4 Qxa3+ 48. bxa3 Ra2# 0-1

[Event "*** Titled Tuesday Blitz"]
[Site "Chess.com"]
[Date "2021.03.09"]
[Round "3"]
[White "Bastiandash"]
[Black "Fandorine"]
[Result "0-1"]
[WhiteElo "2472"]
[BlackElo "2886"]
[TimeControl "180+1"]
[EndTime "10:28:37 PST"]
[Termination "Fandorine won by resignation"]

1. b3 g6 2. Bb2 Nf6 3. Nf3 Bg7 4. e3 O-O 5. Be2 d6 6. O-O e5 7. d4 e4 8. Nfd2 Re8 9. c4 Bf5 10. Nc3 h5 11. f3 exf3 12. Bxf3 Ng4 13. Bxb7 Nxe3 14.
Qf3 Nxf1 15. Rxf1 Bxd4+ 16. Kh1 Nd7 17. Bxa8 Qxa8 18. Qxa8 Rxa8 19. Nf3 Bg7 20. Re1 Nc5 21. Re7 c6 22. Nd1 Bf8 23. Rc7 Re8 24. Rxa7 Bg4 25. Nc3 Nd3 26. Ba3 Bg7 27. Na4 c5 28. h3 Bxf3 29.
gxf3 Re2 30. Rd7 Be5 31. Rd8+ Kg7 0-1

[Event "*** Titled Tuesday Blitz"]
[Site "Chess.com"]
[Date "2021.03.09"]
[Round "3"]
[White "maximnovik"]
[Black "TeukkaSalama"]
[Result "1-0"]
[WhiteElo "2558"]
[BlackElo "2371"]
[TimeControl "180+1"]
[EndTime "10:28:37 PST"]
[Termination "maximnovik won by resignation"]

1. d4 e6 2. c4 f5 3. g3 Nf6 4. Bg2 c6 5. Nf3 d5 6. O-O Bd6 7. Nbd2 O-O 8. Ne5 b6 9. b3 Bb7 10. Bb2 Qe7 11. Ndf3 Nbd7 12. Nd3 Rac8 13. e3 c5 14. Rc1 Rfd8 15. Qe2 Ne4 16. Rfd1 g5 17. Nfe5 g4 18. Nf4 Ndf6 19. dxc5 bxc5 20. cxd5 exd5 21. Ned3 Ng5 22. Qc2 c4 23. bxc4 dxc4 24. Bxf6 cxd3 25. Qb3+ Qf7 26. Qxf7+ Kxf7 27. Bxg5 Bxg2 28. Bxd8 Rxc1 29.
Rxc1 Bf3 30. Nxd3 1-0

[Event "*** Titled Tuesday Blitz"]
[Site "Chess.com"]
[Date "2021.03.09"]
[Round "3"]
[White "olksuna"]
[Black "Michaelson_11"]
[Result "1-0"]
[WhiteElo "2670"]
[BlackElo "2282"]
[TimeControl "180+1"]
[EndTime "10:28:37 PST"]
[Termination "olksuna won by resignation"]

1. e4 c5 2. Nf3 Nc6 3. d4 cxd4 4. Nxd4 g6 5. c4 Nf6 6. Nc3 d6 7. Be2 Nxd4 8. Qxd4 Bg7 9. Be3 O-O 10. Qd2 a5 11.
Rc1 a4 12. f3 Qa5 13. Kf2 Be6 14. Nd5 Nxd5 15. Qxa5 Rxa5 16. cxd5 Bc8 17. Rc2 f5 18. Rhc1 Bd7 19. Rc7 Bb5 20. Rxb7 Bxe2 21. Kxe2 a3 22. b4 Ra4 23. Rcc7 fxe4 24. fxe4 Be5 25. Rxe7 Rc8 26. Bd2 h5 27. g3 Rf8 28.
Re6 Rf5 1-0

[Event "*** Titled Tuesday Blitz"]
[Site "Chess.com"]
[Date "2021.03.09"]
[Round "3"]
[White "KhamzinOlzhas"]
[Black "Handszar"]
[Result "1-0"]
[WhiteElo "2543"]
[BlackElo "2357"]
[TimeControl "180+1"]
[EndTime "10:28:38 PST"]
[Termination "KhamzinOlzhas won on time"]

1. e4 c5 2. Nc3 d6 3. g3 g6 4. Bg2 Bg7 5. d3 e6 6. Nge2 Ne7 7. h4 h5 8. Be3 e5 9. Qd2 Nbc6 10. O-O-O Nd4 11. f3 Be6 12. Rdf1 Qa5 13. Kb1 b5 14. Nc1 b4 15. N3e2 Rb8 16. Bxd4 cxd4 17. Bh3 f5 18. f4 O-O 19. fxe5 dxe5 20. exf5 gxf5 21. Qg5 Nd5 22. Bxf5 Rxf5 23. Rxf5 Nc3+ 24. Nxc3 bxc3 25. Nb3 Qd5 26. Re1 Bxf5 27. Qxf5 a5 28. a4 Rxb3 29. cxb3 Qxb3 30. Qf2 e4 31. Qc2 1-0

[Event "*** Titled Tuesday Blitz"]
[Site "Chess.com"]
[Date "2021.03.09"]
[Round "3"]
[White "Kopytkin"]
[Black "federicosellitti"]
[Result "1-0"]
[WhiteElo "2372"]
[BlackElo "2526"]
[TimeControl "180+1"]
[EndTime "10:28:38 PST"]
[Termination "Kopytkin won by resignation"]

1. d4 d5 2. Bg5 h6 3. Bh4 g5 4. Bg3 Bg7 5. e3 Nc6 6. Nf3 Bg4 7. Bb5 Nf6 8. Nbd2 a6 9. Bxc6+ bxc6 10. c3 Ne4 11. h3 Nxg3 12. fxg3 Bh5 13. g4 Bg6 14. O-O Qd6 15. Qe1 O-O 16. e4 c5 17. e5 Qb6 18. Nb3 cxd4 19. cxd4 f6 20. Qa5 Qxa5 21. Nxa5 fxe5 22. Nxe5 Bxe5 23. dxe5 Rxf1+ 24. Rxf1 Be8 25.
Rf3 c5 26. Nb3 Rc8 27. Rc3 c4 28. Nd4 Bd7 29. b3 cxb3 30. Rxc8+ Bxc8 31. axb3 Kf7 32. Kf2 Ke8 33. Ke3 Kd7 34. Nf5 Ke6 35. Kd4 Kf7 36. b4 e6 37. Nd6+ 1-0

[Event "*** Titled Tuesday Blitz"]
[Site "Chess.com"]
[Date "2021.03.09"]
[Round "3"]
[White "jaskol95"]
[Black "PaulfromSPb"]
[Result "0-1"]
[WhiteElo "2443"]
[BlackElo "2701"]
[TimeControl "180+1"]
[EndTime "10:28:39 PST"]
[Termination "PaulfromSPb won by checkmate"]

1. d4 Nf6 2. Bf4 c5 3. d5 g6 4. Nc3 Bg7 5. e4 d6 6. Nf3 a6 7. a4 O-O 8. Be2 Nh5 9. Be3 Nd7 10. Qd2 Re8 11. O-O Rb8 12. Bh6 Bh8 13. Bg5 b5 14.
axb5 axb5 15. Bxb5 Bxc3 16. Qxc3 Rxb5 17. e5 dxe5 18. d6 Nhf6 19. dxe7 Qxe7 20. Rfe1 Qe6 21. b3 Nd5 22. Qd2 Rb4 23. c4 Nc7 24. Qc3 f6 25.
Be3 Bb7 26. Bxc5 Nxc5 27. Qxb4 Bxf3 28. gxf3 Nd3 29. Qb7 Nxe1 30. Rxe1 Qd6 31. Ra1 Ne6 32. h3 Re7 33. Qc8+ Kg7 34. Ra8 Qd1+ 35. Kh2 Qf1 36.
Qh8+ Kh6 37. h4 Qxf2+ 38. Kh1 Qxf3+ 39. Kg1 Nf4 40. Qf8+ Kh5 41. Ra2 Rd7 42. Qxf6 Rd1+ 43. Kh2 Rh1# 0-1

[Event "*** Titled Tuesday Blitz"]
[Site "Chess.com"]
[Date "2021.03.09"]
[Round "3"]
[White "ZiggyStardust64"]
[Black "Barbix1"]
[Result "1-0"]
[WhiteElo "2655"]
[BlackElo "2422"]
[TimeControl "180+1"]
[EndTime "10:28:39 PST"]
[Termination "ZiggyStardust64 won by resignation"]

1. e4 c5 2. Nf3 d6 3. d4 cxd4 4. Nxd4 Nf6 5. Nc3 Nc6 6. Bg5 e6 7. Nxc6 bxc6 8. Qd2 Be7 9. O-O-O O-O 10. Bc4 d5 11.
Bb3 h6 12. Bf4 a5 13. e5 Nd7 14. Na4 Rb8 15. h4 f6 16. exf6 Bxf6 17. Bxb8 Nxb8 18. Nc5 Na6 19. Nxa6 Bxa6 20. g3 Qb6 21. Qe3 Qxe3+ 22. fxe3 Be5 23. Rhg1 Rf3 24. e4 Bxg3 25. exd5 exd5 26.
Rxd5 cxd5 27. Bxd5+ Kf8 28. Bxf3 Bxh4 29. Bd5 g5 30. c4 Ke7 31. Kd2 Kd6 32. a3 a4 33.
Kc3 Kc5 34. Rf1 Bg3 35. Rf5 Be1+ 36. Kd3 Kd6 37. Rf6+ 1-0

[Event "*** Titled Tuesday Blitz"]
[Site "Chess.com"]
[Date "2021.03.09"]
[Round "3"]
[White "Caracternin123"]
[Black "LEGENYA1998"]
[Result "1-0"]
[WhiteElo "2575"]
[BlackElo "2257"]
[TimeControl "180+1"]
[EndTime "10:28:39 PST"]
[Termination "Caracternin123 won by resignation"]

1. e4 c5 2. Nf3 b6 3. d4 cxd4 4. Nxd4 Bb7 5. Bd3 g6 6. c4 Bg7 7.
Be3 Nf6 8. O-O d6 9. Nc3 O-O 10. f3 Nc6 11. Rc1 Ng4 12. Nxc6 Nxe3 13. Nxd8 Nxd1 14.
Nxb7 Nxc3 15. e5 Na4 16. exd6 exd6 17. b3 Nc5 18. Be4 Nxb7 19. Bxb7 Rab8 20. Bd5 Rfe8 21. Rfe1 Kf8 22. g3 Rxe1+ 23. Rxe1 Re8 24. Rxe8+ Kxe8 25. Kf2 Bd4+ 26. Ke2 f6 27. f4 h6 28. Kd3 Bc5 29.
Ke4 f5+ 30. Kf3 Ke7 31. h4 Kf6 32. Ke2 g5 33. Bc6 gxf4 34. gxf4 Bd4 35. Kd3 Bc5 36. Ke2 Bd4 37. a3 Bc5 38. b4 Bd4 39.
Kd3 Bb2 40. a4 Bc1 41. h5 Bxf4 42. Kd4 Be5+ 43. Kd5 Kg5 44. c5 bxc5 45. bxc5 Bf6 46. Kxd6 Kxh5 47. Bf3+ Kg5 48. c6 h5 49. c7 1-0

[Event "*** Titled Tuesday Blitz"]
[Site "Chess.com"]
[Date "2021.03.09"]
[Round "3"]
[White "ChristopherYoo"]
[Black "Aygehovit1992"]
[Result "1-0"]
[WhiteElo "2930"]
[BlackElo "2635"]
[TimeControl "180+1"]
[EndTime "10:28:40 PST"]
[Termination "ChristopherYoo won on time"]

1. d4 Nf6 2. Nf3 g6 3. c4 Bg7 4. Nc3 d5 5. cxd5 Nxd5 6. Bg5 h6 7. Bd2 O-O 8. e4 Nb6 9. Be3 Bg4 10. Be2 Bxf3 11.
Bxf3 Nc6 12. d5 Ne5 13. Be2 Nbc4 14. Bc1 g5 15. h4 e6 16. hxg5 hxg5 17. Bxc4 Nxc4 18.
Qh5 Re8 19. Bxg5 Qd6 20. Bh6 Bxc3+ 21. bxc3 exd5 22. Be3 Qe5 23. Qg4+ Qg7 24. Bd4 f6 25. Qf5 Rxe4+ 26. Kf1 Ne5 27. f3 Rxd4 28. cxd4 Nf7 29. Rh4 Ng5 30. Rg4 Qh7 31. Qxf6 Qh1+ 32. Kf2 1-0

[Event "*** Titled Tuesday Blitz"]
[Site "Chess.com"]
[Date "2021.03.09"]
[Round "3"]
[White "vladimirdamjanovic"]
[Black "anon219"]
[Result "0-1"]
[WhiteElo "2469"]
[BlackElo "2858"]
[TimeControl "180+1"]
[EndTime "10:28:40 PST"]
[Termination "anon219 won by checkmate"]

1. d4 d5 2. Nc3 Nf6 3. Bf4 a6 4. e3 e6 5. g4 Bb4 6. Ne2 c5 7.
g5 Nh5 8. h4 cxd4 9. exd4 Nxf4 10. Nxf4 Nc6 11. a3 Bd6 12. Qd2 Qb6 13. O-O-O O-O 14.
h5 Qc7 15. Rh4 Be7 16. Rg4 b5 17. g6 fxg6 18. hxg6 h6 19. Bg2 Rxf4 20. Rxf4 Bg5 21.
Nxd5 Qd6 22. Re1 Bd7 23. Re5 Nxe5 24. dxe5 Qxe5 25. Re4 Bxd2+ 26. Kxd2 Qxd5+ 27. Kc1 Bc6 28. Rg4 Qxg2 29. Rxg2 Bxg2 30. b4 Rc8 31. Kb2 Be4 32. c3 Bxg6 33. Kc1 h5 34. Kd2 h4 35. Ke3 h3 36.
Kd4 h2 37. Ke5 h1=Q 38. Kf4 Qe4+ 39. Kg5 Qf5+ 40. Kh4 Rc4+ 41. f4 Rxf4+ 42. Kg3 Rg4+ 43. Kh2 Qh5# 0-1

[Event "*** Titled Tuesday Blitz"]
[Site "Chess.com"]
[Date "2021.03.09"]
[Round "3"]
[White "deribas12345"]
[Black "Romadk"]
[Result "1-0"]
[WhiteElo "2544"]
[BlackElo "2361"]
[TimeControl "180+1"]
[EndTime "10:28:40 PST"]
[Termination "deribas12345 won by checkmate"]

1. d4 Nf6 2. c4 e6 3. Nc3 Bb4 4. f3 c5 5. a3 Bxc3+ 6. bxc3 d5 7. e3 O-O 8. Bd3 dxc4 9. Bxc4 Nd5 10. Ne2 Nb6 11.
Bd3 e5 12. dxe5 Qg5 13. O-O Qxe5 14. Qc2 h6 15. c4 Qxa1 16. Bb2 Qxf1+ 17. Kxf1 Nc6 18.
Nf4 Nd8 19. Nh5 Ne6 20. Bf5 f6 21. Bxe6+ Bxe6 22. Qg6 Rf7 23. Nxf6+ Kf8 24. Nh7+ Ke7 25. Bxg7 Bxc4+ 26. Kf2 Nd7 27. Bxh6 Ne5 28. Qe4 Be6 29. Qxe5 Rxh7 30. Qxc5+ Kf7 31. Bf4 Rc8 32. Qe5 Rc2+ 33. Kg3 Rg7+ 34. Bg5 Rc6 35. h4 Rg6 36. h5 Rg8 37. f4 b6 38. Qf6+ Ke8 39. Qe7# 1-0

[Event "*** Titled Tuesday Blitz"]
[Site "Chess.com"]
[Date "2021.03.09"]
[Round "3"]
[White "AttackSparrow"]
[Black "The_filthy"]
[Result "1-0"]
[WhiteElo "2531"]
[BlackElo "2326"]
[TimeControl "180+1"]
[EndTime "10:28:40 PST"]
[Termination "AttackSparrow won by resignation"]

1. e4 e6 2. d4 d5 3. Bd3 Nf6 4. e5 Nfd7 5. f4 c5 6. c3 Nc6 7. Nf3 Qb6 8. Bc2 cxd4 9. cxd4 f6 10. O-O Be7 11. Kh1 O-O 12. Nc3 f5 13. Rg1 g6 14. g4 fxg4 15. Rxg4 Rf7 16. Bxg6 hxg6 17.
Rxg6+ Rg7 18. Rxg7+ Kxg7 19. f5 exf5 20. Nxd5 Qd8 21.
Qd2 Nf8 22. Qh6+ Kg8 23. Nf6+ Bxf6 24. exf6 Kf7 25. Bf4 Be6 26. Ng5+ Ke8 27. f7+ Bxf7 28. Re1+ Ne7 29. Bd6 Ng6 30. Nxf7 Qd7 31. Bxe7 Qd5+ 32. Kg1 Nxe7 33. Qh8+ Kxf7 34. Qh7+ Kf8 35. Qxe7+ Kg8 36. Qg5+ Kh7 37. Re7+ 1-0

[Event "*** Titled Tuesday Blitz"]
[Site "Chess.com"]
[Date "2021.03.09"]
[Round "3"]
[White "Er_is_geen_hoop_meer"]
[Black "AlexPapasimakopoulos"]
[Result "1/2-1/2"]
[WhiteElo "2408"]
[BlackElo "2581"]
[TimeControl "180+1"]
[EndTime "10:28:41 PST"]
[Termination "Game drawn - insufficient material"]

1. Nf3 f5 2. c4 Nf6 3. g3 g6 4. d4 Bg7 5. b4 O-O 6. Bg2 d6 7. Bb2 c6 8. O-O a5 9. a3 Ne4 10. Nbd2 Na6 11. Qb3 Kh8 12. Nxe4 fxe4 13. Ng5 d5 14. cxd5 cxd5 15. f3 h6 16. Nh3 exf3 17. exf3 axb4 18. axb4 Qb6 19. Nf4 Bxd4+ 20. Kh1 e5 21. Bxd4 exd4 22. Nxd5 Qd6 23. f4 Be6 24.
Qc4 Bxd5 25. Qxd4+ Kh7 26. Qxd5 Qxd5 27. Bxd5 Nxb4 28. Bxb7 Rxa1 29. Rxa1 Rf7 30. Be4 Re7 31. Bf3 Nd3 32. Kg2 Ne1+ 33. Kf2 Nxf3 34. Kxf3 h5 35.
Ra6 Rf7 36. Kg2 Rb7 37. Kh3 Rb5 38. Kh4 Kh6 39. Ra8 Kh7 40. h3 Rc5 41. Rf8 Kg7 42. Ra8 Rb5 43. Ra7+ Kh6 44. Ra6 Rc5 45. g4 hxg4 46.
hxg4 Kg7 47. Ra7+ Kg8 48. Re7 Kf8 49. Re5 Rc7 50. Kg5 Kg7 51. Ra5 Rb7 52. Ra6 Rb5+ 53. f5 gxf5 54. gxf5 Rb7 55. Rg6+ Kh7 56. Re6 Kg7 57.
f6+ Kf7 58. Re5 Ra7 59. Kf5 Rb7 60. Rd5 Ra7 61. Ke5 Rb7 62. Rc5 Ra7 63. Kf5 Rb7 64.
Rd5 Ra7 65. Re5 Rb7 66. Re7+ Rxe7 67. fxe7 Kxe7 1/2-1/2

[Event "*** Titled Tuesday Blitz"]
[Site "Chess.com"]
[Date "2021.03.09"]
[Round "3"]
[White "ludogoretz"]
[Black "SF-96"]
[Result "0-1"]
[WhiteElo "2363"]
[BlackElo "2546"]
[TimeControl "180+1"]
[EndTime "10:28:41 PST"]
[Termination "SF-96 won by resignation"]

1. d4 Nf6 2. Bf4 g6 3. e3 Bg7 4.
Nf3 O-O 5. Bd3 b6 6. Nbd2 Bb7 7. O-O d6 8. h3 Nbd7 9. Qe2 a5 10. c3 Re8 11. e4 e5 12. dxe5 dxe5 13. Bg5 Nc5 14. Bc2 Ne6 15. Rfd1 Nxg5 16. Nxg5 Qe7 17. Bb3 Rf8 18.
Ndf3 h6 19. Nxf7 Rxf7 20. Bxf7+ Kxf7 21. Qc4+ Kf8 22. Re1 Rd8 23. b4 axb4 24. cxb4 Ne8 25. a4 Nd6 26. Qc2 Qf7 27. a5 bxa5 28. bxa5 Qc4 29.
Qxc4 Nxc4 30. a6 Ba8 31. Rec1 Nd6 32. Rxc7 Nxe4 33. Nh4 g5 34. Nf5 Bf6 35. Nxh6 Nd6 36. a7 e4 37. Ng4 Bxa1 38. Ne3 Bd4 39. Nd5 Bxd5 0-1

[Event "*** Titled Tuesday Blitz"]
[Site "Chess.com"]
[Date "2021.03.09"]
[Round "3"]
[White "arminmusovic"]
[Black "GMJustin"]
[Result "1-0"]
[WhiteElo "2508"]
[BlackElo "2262"]
[TimeControl "180+1"]
[EndTime "10:28:42 PST"]
[Termination "arminmusovic won on time"]

1. a3 g6 2. Nc3 Bg7 3. d4 c5 4.
Nf3 cxd4 5. Nxd4 Nc6 6. e3 d5 7. Be2 e6 8. O-O Nge7 9. Re1 O-O 10. Bf1 e5 11. Nb3 b6 12. h3 Bb7 13. Bd2 Rc8 14.
Ne2 d4 15. exd4 exd4 16. Ng3 Qd7 17. Ne4 Nf5 18. Bg5 f6 19. Bf4 g5 20. Bh2 Rfe8 21. Qg4 Ne5 22. Qh5 Qf7 23. Qd1 Nc4 24. Ng3 Nxb2 25.
Qg4 Nxg3 26. Bxg3 Rxe1 27. Rxe1 Re8 28. Rb1 Nc4 29. Qxd4 Ne5 30. Bxe5 Rxe5 31. Qa4 Qd5 32. Bc4 1-0

[Event "*** Titled Tuesday Blitz"]
[Site "Chess.com"]
[Date "2021.03.09"]
[Round "3"]
[White "ARTHURMOTIVATOR"]
[Black "Grieve72"]
[Result "0-1"]
[WhiteElo "2335"]
[BlackElo "2534"]
[TimeControl "180+1"]
[EndTime "10:28:43 PST"]
[Termination "Grieve72 won by checkmate"]

1. e4 c5 2. b3 b6 3. Bb2 Bb7 4. Nc3 Nc6 5. Nf3 e6 6. d4 cxd4 7. Nxd4 Nf6 8. Nxc6 dxc6 9. Bd3 Be7 10. O-O O-O 11.
Qf3 Qc7 12. Ne2 c5 13. Qh3 Nxe4 14. Ng3 Ng5 15. Qg4 Qc6 16. f3 f5 17. Qf4 Nf7 18.
Qe3 Bg5 19. Qe2 Rfe8 20. Rae1 g6 21. f4 Bh6 22. h4 Bg7 23. Bxg7 Kxg7 24. h5 e5 25. hxg6 hxg6 26. Bxf5 gxf5 27. Qh5 Qxg2# 0-1

[Event "*** Titled Tuesday Blitz"]
[Site "Chess.com"]
[Date "2021.03.09"]
[Round "3"]
[White "Loy_Konstantin"]
[Black "Anton_Demchenko"]
[Result "0-1"]
[WhiteElo "2355"]
[BlackElo "2880"]
[TimeControl "180+1"]
[EndTime "10:28:43 PST"]
[Termination "Anton_Demchenko won on time"]

1. e4 e5 2. Nf3 Nc6 3. d4 exd4 4. Nxd4 Bc5 5. Be3 Qf6 6. Nb5 Bxe3 7. fxe3 Qh4+ 8. g3 Qd8 9. Qg4 Kf8 10. Qf4 d6 11. N1c3 Nf6 12. O-O-O a6 13. Nd4 Ne5 14. Be2 h5 15. h3 b5 16. g4 b4 17. Nd5 Nxd5 18.
exd5 Qf6 19. Qg3 h4 20. Qg2 Qg5 21. Qe4 Bd7 22. Rhf1 Kg8 23. Rf4 Re8 24. Rdf1 Ng6 25. Qg2 Nxf4 26. exf4 Qe7 27. Bxa6 Qe3+ 28. Qd2 Qxh3 29.
Be2 Qg2 30. Re1 h3 31. Bf3 Qxd2+ 32. Kxd2 Rxe1 33. Kxe1 h2 34. Bh1 Bxg4 35. Kf2 Bd7 36. Kg3 Rh3+ 37. Kg2 Rh4 38. Nf3 Rxf4 39. Kg3 Re4 40.
Nxh2 Re2 41. Nf3 Rxc2 42. Nd4 Rxb2 43. Be4 Rxa2 0-1

[Event "*** Titled Tuesday Blitz"]
[Site "Chess.com"]
[Date "2021.03.09"]
[Round "3"]
[White "attack2mateU"]
[Black "Shuvalov"]
[Result "1-0"]
[WhiteElo "2731"]
[BlackElo "2514"]
[TimeControl "180+1"]
[EndTime "10:28:45 PST"]
[Termination "attack2mateU won by resignation"]

1. e4 e6 2. d4 d5 3. Nc3 Bb4 4. e5 c5 5. a3 Bxc3+ 6. bxc3 Ne7 7. h4 Qc7 8. Rb1 b6 9. h5 h6 10. Bb5+ Kf8 11. Nf3 Ba6 12. a4 Bxb5 13. axb5 a6 14. bxa6 Rxa6 15. O-O Nd7 16. Nh4 Ra2 17. Rb2 Ra4 18.
g3 Kg8 19. Be3 c4 20. f4 Kh7 21. f5 exf5 22. Nxf5 Nxf5 23. Rxf5 Rf8 24. Qf3 Ra1+ 25.
Kg2 Qc6 26. Rxf7 Rxf7 27. Qxf7 Nxe5 28. Qf5+ Kg8 29. Qxe5 Qd7 30. Rxb6 Kh7 31. Re6 Qf7 32. Bf4 Qb7 33. Re7 Qxe7 34. Qxe7 1-0

[Event "*** Titled Tuesday Blitz"]
[Site "Chess.com"]
[Date "2021.03.09"]
[Round "3"]
[White "RD4ever"]
[Black "bazar-wokzal"]
[Result "1-0"]
[WhiteElo "2892"]
[BlackElo "2473"]
[TimeControl "180+1"]
[EndTime "10:28:46 PST"]
[Termination "RD4ever won on time"]

1. d4 Nf6 2. c4 Nc6 3. Nf3 e6 4. g3 Bb4+ 5. Bd2 Qe7 6. Nc3 e5 7. d5 Nb8 8. Bg2 a5 9. O-O d6 10. Qc2 h6 11. Bc1 O-O 12. Na4 Na6 13. a3 Bc5 14.
Nxc5 Nxc5 15. b3 Bg4 16. Bb2 a4 17. b4 Nb3 18. Rad1 Nd7 19. Nh4 g5 20. Nf5 Qf6 21. Ne3 Bh5 22. f4 gxf4 23. gxf4 Qg6 24. Nf5 Kh7 25.
Kh1 Nf6 26. Rg1 Ng4 27. Rdf1 exf4 28. Be4 Rae8 29. Bd3 1-0

[Event "*** Titled Tuesday Blitz"]
[Site "Chess.com"]
[Date "2021.03.09"]
[Round "3"]
[White "Rozhkov_V"]
[Black "CSB7"]
[Result "0-1"]
[WhiteElo "2392"]
[BlackElo "2591"]
[TimeControl "180+1"]
[EndTime "10:28:46 PST"]
[Termination "CSB7 won on time"]

1. e4 c5 2. Nf3 d6 3. d4 cxd4 4. Nxd4 Nf6 5. Nc3 a6 6. Be3 e6 7. g4 h6 8. h3 b5 9. Bg2 Bb7 10. a3 Qc7 11. O-O Nc6 12. Qe2 Be7 13. Rad1 O-O 14.
f4 Nxd4 15. Bxd4 e5 16. Be3 exf4 17. Bxf4 Nd7 18. Nd5 Bxd5 19. Rxd5 Ne5 20. Rfd1 Rfd8 21. b3 Rac8 22. R1d2 Bg5 23. Bxg5 hxg5 24. Qe3 f6 25.
Kh2 Ng6 26. Kh1 Nf4 27. R5d4 Qc3 28. Qxc3 Rxc3 29. Kh2 Kf7 30. Bf1 Ke7 31. a4 Rdc8 0-1

[Event "*** Titled Tuesday Blitz"]
[Site "Chess.com"]
[Date "2021.03.09"]
[Round "3"]
[White "Mikhail_Golubev"]
[Black "BanjoKazooieN64"]
[Result "0-1"]
[WhiteElo "2576"]
[BlackElo "2414"]
[TimeControl "180+1"]
[EndTime "10:28:48 PST"]
[Termination "BanjoKazooieN64 won on time"]

1. e4 e5 2. Nf3 Nf6 3. Nc3 Nc6 4. d4 exd4 5. Nxd4 Bb4 6. Nxc6 bxc6 7. Bd3 O-O 8. O-O d5 9. exd5 cxd5 10. Bg5 c6 11.
Na4 Bd6 12. Re1 Rb8 13. c3 c5 14. Bc2 Be6 15. Qd3 g6 16. Qf3 Be7 17. Nxc5 Rxb2 18. Rxe6 fxe6 19. Nxe6 Qd6 20. Nxf8 Rxc2 21. Qd3 Rb2 22.
Nxg6 hxg6 23. Qxg6+ Kh8 24. Re1 Nh7 25. Qxd6 Bxd6 26.
a4 Nxg5 27. h4 Ne4 0-1

[Event "*** Titled Tuesday Blitz"]
[Site "Chess.com"]
[Date "2021.03.09"]
[Round "3"]
[White "ChessWarrior7197"]
[Black "Faqade"]
[Result "1-0"]
[WhiteElo "2919"]
[BlackElo "2631"]
[TimeControl "180+1"]
[EndTime "10:28:49 PST"]
[Termination "ChessWarrior7197 won on time"]

1. e4 e5 2. Nf3 Nc6 3. Bb5 a6 4. Ba4 Nf6 5. O-O Nxe4 6. d4 b5 7. Bb3 d5 8. Nxe5 Nxe5 9. dxe5 Be6 10. c3 Bc5 11. Nd2 O-O 12. Nxe4 dxe4 13. Bc2 Bc4 14. Re1 Bd3 15. Be3 Be7 16. Bxd3 exd3 17. Qg4 Qc8 18.
Qe4 Rd8 19. b4 Qe6 20. Bd4 Qc4 21. Rad1 Bxb4 22. e6 f6 23. e7 Bxe7 24. Qxe7 Rac8 25. Re3 c5 26. Bxf6 Qg4 27. Rdxd3 1-0

[Event "*** Titled Tuesday Blitz"]
[Site "Chess.com"]
[Date "2021.03.09"]
[Round "3"]
[White "Speed-O-Sonic"]
[Black "KonstantinB_1983"]
[Result "1-0"]
[WhiteElo "2312"]
[BlackElo "2502"]
[TimeControl "180+1"]
[EndTime "10:28:49 PST"]
[Termination "Speed-O-Sonic won by checkmate"]

1. d4 Nf6 2. Bg5 Ne4 3. h4 d5 4. Nd2 h6 5. Bf4 Bf5 6. f3 Nf6 7. e3 c6 8. Bd3 Bxd3 9. cxd3 e6 10. Ne2 Nbd7 11. e4 Qa5 12. Nc3 Qa6 13. Qe2 Qb6 14.
Nb3 a5 15. Be3 a4 16. Nc1 Bb4 17. a3 Ba5 18. Qc2 O-O 19. Ne2 Bxc3+ 20. Nxc3 Qa6 21. O-O Nh7 22. f4 f5 23. e5 Rfc8 24. Rfd1 b6 25. Rac1 Nhf8 26. Qf2 Ng6 27. h5 Ne7 28. Qf3 Rab8 29.
g4 fxg4 30. Qxg4 Nf5 31. Bf2 c5 32. Nxd5 cxd4 33. Ne7+ Nxe7 34. Qxe6+ Kh8 35. Qxe7 Nc5 36. Bxd4 Nxd3 37. e6 Rg8 38. Rc7 Nxf4 39. Bxg7+ Kh7 40. Qf6 Qb5 41. Qxh6# 1-0